Unix NetHack Version 5.0.0-0 post-release - last build Jun 10 2026 00:39:30 (3ee93aec679c4c4259841fe613dc97188e26a321,branch:main).

Game began 2026-06-10 21:48:45, ended 2026-06-10 22:07:03.

DaveT, lawful male human Priest

                          -----               ---#  ---###`
      ----               --.|.--              |..#  #..# #*
     --..-----------------.....----------------..#*##..#  #  #       ---
     |...........*...............................#* #..|#  #*###    --.---
     |..---------..-----....--.---------------..#|  |..#-  #*##*    |....|
     --.--     |...---....------             -#..#---...| *   ###*#--....|
      |).|     --.........|          $     $  ##......|.|    ***`###...---`###
      --.|      ---......-| $                  #..----|.|  -###   ##..-- #[).--
       |.---      |-......|                    --.--  |.---|..----#-).|###....|
       |...|   ----.......---                   |..|  |....|.....|...--#.....>|
       ---.-----.......(....-------          $ #|..|  ----....`..|.--#.......--
        --.....................--.--   $       #)---     |.....-...||.......-|
       --..........................---   --#  --#-      --.......---|n.......|
       |.........--......--...)......| ---.---|..--     |......---  ---.....--
      --........-|---....||...`......---.....--...|     ----...--     |....-|
      |...^......-- |-..---......*......)........--        --...-- -----....|
      |..<........--|...|-............).*....-----          |....---..--...--
      ---...........|-.-|....................|              |..............-
        -----.|.|...|-----...|.....--.......--          $   --...........h..|
            ------.--    --.---..------------                ---.|.----.--..|
                 ---      --- ----                             -----  -------
DaveT the Adept              St:14 Dx:11 Co:10 In:12 Wi:18 Ch:9  Lawful
Dlvl:5  $:129 HP:0(57) Pw:97(97) AC:-2 Xp:6 T:4198  Satiated Stressed

Latest messages:
 You are carrying too much to get through.
 You hear crashing rock.
 With great effort you move the boulder.
 You see here 6 rocks.
 You see here 9 rocks.
 You see here 7 rocks.
 You see here 7 rocks.
 You see here 9 rocks.
 The giant ant attacks a spot beside you.
 The giant ant misses!
 You try to move the boulder, but in vain.
 You miss the giant ant.
 The giant ant bites!
 The giant ant bites!
 You hit the giant ant!
 You knock the giant ant back with a powerful strike!
 You hit the giant ant.
 You knock the giant ant back with a forceful strike!
 The giant ant bites!
 You feel more confident in your weapon skills.
 You kill the giant ant!
 You see here 10 rocks.
 You see here 9 rocks.
 You see here a bow.
 You see here a bow.
 You stop.  The dwarf is in the way!
 What do you want to throw? [$lnLT or ?*] ?
 In what direction? u
 You aren't wielding a bow, so you throw your arrow by hand.
 The arrow misses the dwarf.
 The dwarf gets angry!
 The dwarf picks up a blessed arrow.
 You miss the dwarf.
 You hit the dwarf!
 You hit the dwarf!
 You kill the dwarf!
 You have trouble lifting a pick-axe.  Continue? [ynq] (q) y
 You have trouble lifting Y - a pick-axe.
 You rebalance your load.  Movement is difficult.
 What do you want to drop? [$a-fh-jlnoqtv-zAGLMP-UY or ?*] l
 You drop a mace.
 What do you want to drop? [$a-fh-jnoqtv-zAGLMP-UY or ?*] n
 You drop 7 blessed arrows.
 What do you want to eat? [efqG or ?*] ?
 You're having a hard time getting all of it down.
 Continue eating? [yn] (n) y
 You choke over your food.
 You die...
 Do you want your possessions identified? [ynq] (y) y
 Do you want to see your attributes? [ynq] (y) q

Inventory:
 Coins    ('$')
  $ - 129 gold pieces
 Weapons  (')')
  L - 30 +0 darts
  T - a +2 aklys
  a - a blessed corroded +1 mace (weapon in left hand)
 Armor    ('[')
  M - a blessed +1 orcish helm (being worn)
  c - a +0 small shield (being worn)
  b - a +1 robe (being worn)
  w - a +0 banded mail (being worn)
 Comestibles  ('%')
  G - a candy bar labeled "Crispy Yum Yum"
  e - 3 cloves of garlic
  q - 8 food rations
  Z - a partly eaten food ration
  f - 4 sprigs of wolfsbane
 Scrolls  ('?')
  t - a cursed scroll of enchant armor
  S - a scroll of identify
  U - a scroll of scare monster
 Spellbooks  ('+')
  h - a spellbook of healing
 Potions  ('!')
  o - 2 potions of oil
  d - 4 potions of holy water
  j - a potion of water
 Rings    ('=')
  x - a ring of slow digestion (on left hand)
 Wands    ('/')
  v - a wand of digging (0:6)
  R - a wand of magic missile (0:5)
 Tools    ('(')
  i - a magic marker (0:21)
  Y - a +0 pick-axe
  A - a skeleton key
  y - a partly used tallow candle
 Gems/Stones  ('*')
  Q - a worthless piece of orange glass
  P - a worthless piece of white glass
  z - 2 worthless pieces of yellow glass

DaveT the Priest's attributes:

Background:
 You were an Adept, a level 6 human Priest.
 You were lawful, on a mission for Athena
 who was opposed by Hermes (neutral) and Poseidon (chaotic).
 You were left-handed.
 You were in the Gnomish Mines, on level 5.
 You entered the dungeon 4198 turns ago.
 It was nighttime.
 You had 590 experience points, 50 more were needed to attain level 7.

Basics:
 You had 0 out of 57 hit points.
 You had all 97 energy points (spell power).
 Your armor class was -2.
 Your wallet contained 129 zorkmids.
 Autopickup was off.

Final Characteristics:
 Your strength was 14 (limit:18/100).
 Your dexterity was 11 (peak:13, limit:18).
 Your constitution was 10 (limit:18).
 Your intelligence was 12 (limit:18).
 Your wisdom was 18 (limit:18).
 Your charisma was 9 (limit:18).

Final Status:
 You were satiated.
 You were stressed; movement was moderately slowed.
 You were wielding a mace.
 You were skilled in mace and could have enhanced that.

Final Attributes:
 You were devoutly aligned.
 You were poison resistant.
 You were invisible.
 You had slower digestion.
 You were guarded.
 Your spell casting was impaired by metallic armor, mitigated by your robe.
 You were fast.
 You are dead.

Miscellaneous:
 You didn't encounter any bones levels.
 Total elapsed playing time was 18 minutes and 17 seconds.

Major events:
 Turn
    1: DaveT the lawful human Priest entered the dungeon
  685: attained the rank of Acolyte (level 3)
 1125: entered the Gnomish Mines
 3287: attained the rank of Adept (level 6)
 4198: choked on a food ration

Spells:
 Name                 Level Category     Fail Retention
 light                  1   clerical      67%   71%-80%
 healing                1   healing       49%  76%-100%
 dig                    5   matter       100%  76%-100%
 sleep                  3   enchantment  100%  76%-100%

Skills:
 Fighting Skills
   bare handed combat [Unskilled]
 Weapon Skills
   club               [Unskilled]
   mace               [Skilled]
   morning star       [Unskilled]
   flail              [Unskilled]
   hammer             [Unskilled]
   quarterstaff       [Unskilled]
   polearms           [Unskilled]
   spear              [Unskilled]
   trident            [Unskilled]
   lance              [Unskilled]
   bow                [Unskilled]
   sling              [Unskilled]
   crossbow           [Unskilled]
   dart               [Unskilled]
   shuriken           [Unskilled]
   boomerang          [Unskilled]
   unicorn horn       [Unskilled]
 Spellcasting Skills
   healing spells     [Unskilled]
   divination spells  [Unskilled]
   clerical spells    [Basic]

Voluntary challenges:
 Character rerolling was not enabled.
 You never genocided any monsters.
 You never polymorphed an object.
 You never changed form.
 You used no wishes.
Achievements:
 You attained the rank of Acolyte.
 You entered the Gnomish Mines.
 You entered a shop.
 You attained the rank of Adept.

 The Dungeons of Doom: levels 1 to 7
    Level 1:
       A fountain.
    Level 2:
    Level 3:
       A fountain.
       Stairs down to The Gnomish Mines.
    Level 4:
       A fountain.
    Level 5:
       An armor shop, many fountains, a grave.
    Level 6:
       Many fountains.
       Oracle of Delphi.
    Level 7:
 The Gnomish Mines: levels 4 to 5
    Level 4:
    Level 5: <- You were here.
       Final resting place for
          you, choked on a food ration.


Vanquished creatures:
  a rock mole
  a fog cloud
  a shrieker
  5 gnome leaders
  a gnomish wizard
  a giant ant
  a kitten
  2 dwarves
  2 homunculi
  2 kobold leaders
  5 hill orcs
  a rothe
  2 giant bats
 an iguana
  2 acid blobs
  a gas spore
  2 hobbits
  2 large kobolds
  4 giant rats
  a brown mold
  a yellow mold
  a green mold
 18 gnomes
  a gnome zombie
  4 geckos
  3 jackals
  2 foxes
  3 kobolds
  3 goblins
  a sewer rat
 10 grid bugs
  2 bats
  4 lichens
  7 newts
98 creatures vanquished.

No species were genocided or became extinct.

Game over:
                       ----------
                      /          \
                     /    REST    \
                    /      IN      \
                   /     PEACE      \
                  /                  \
                  |      DaveT       |
                  |      129 Au      |
                  | choked on a food |
                  |      ration      |
                  |                  |
                  |                  |
                  |       2026       |
                 *|     *  *  *      | *
        _________)/\\_//(\/(/\)/\//\/|_)_______

Goodbye DaveT the Priest...

You choked in The Gnomish Mines on dungeon level 5 with 2877 points,
and 129 pieces of gold, after 4198 moves.
You were level 6 with a maximum of 57 hit points when you choked.

